 Dungeon Crawl Stone Soup version 0.27-a0-1378-gdefffd1ff6 (webtiles) character file.

Game seed: 8005653366842065679

74963 robertstho the Eclecticist (level 15, -16/107 HPs)
             Began as a Djinni Fire Elementalist on June 29, 2021.
             Was an Initiate of Gozag.
             Demolished by a bunyip (28 damage)
             ... on level 1 of the Swamp.
             The game lasted 01:11:58 (37570 turns).

robertstho the Eclecticist (DjFE)                  Turns: 37570, Time: 01:11:59

Health: -16/107    AC: 14    Str:  7    XL:     15   Next: 96%
Gold:   2786       EV: 14    Int: 28    God:    Gozag SH:  0 Dex: 20

rFire    + + +     SeeInvis .   t - +2 flail (protect)
rCold    x . .     Faith    .   (no shield)
rNeg     . . .     Spirit   .   N - +1 robe "Wyfeig" {rElec Dex+2}
rPois    ∞         Reflect  .   W - +1 helmet "Mipleymi" {Int+6 Dex-3}
rElec    +         Harm     .   U - +0 cloak of Fashionability {rF+ Stlth+}
rCorr    .         Rampage  .   T - +3 pair of gauntlets of War {Slay+5}
Will     +....                  (boots unavailable)
Stlth    ++++......             (no amulet)
HPRegen  0.27/turn              i - +4 ring of protection
MPRegen  0.00/turn              x - ring "Yrytul" {+Blink Dex+6}

@: gold aura, flying
A: sickness immunity, fire resistance 2, cold vulnerability 1, float, innate
caster, hp casting, extra vitality 1
a: Renounce Religion, Evoke Blink, Potion Petition, Call Merchant, Bribe Branch


You were on level 1 of the Swamp.
You worshipped Gozag.
Gozag was most pleased with you.
You visited 4 branches of the dungeon, and saw 23 of its levels.
You also visited: Sewer, Bailey and Ice Cave.

You collected 7695 gold pieces.
You spent 2917 gold pieces at shops.
You paid 1992 gold pieces to Gozag.

Inventory:

Hand Weapons
 t - a +2 flail of protection (weapon)
 F - the +10 rapier of Focus {holy, Str+5 Dex+4}
   (You found it on level 1 of the Swamp)

   It has been blessed by the Shining One to cause great damage to the undead
   and demons.
   Str:       It affects your strength (+5).
   Dex:       It affects your dexterity (+4).
Missiles
 X - 5 boomerangs of dispersal
Armour
 a - a +1 leather armour of cold resistance
 c - the +2 hat "Woxueng" {rC+ Str+5}
   (You acquired it on level 2 of the Lair of Beasts)

   Str:       It affects your strength (+5).
   rC:        It protects you from cold.
 u - a +1 troll leather armour
 N - the +1 robe "Wyfeig" (worn) {rElec Dex+2}
   (You found it on level 9 of the Dungeon)

   Dex:       It affects your dexterity (+2).
   rElec:     It insulates you from electricity.
 T - the +3 pair of gauntlets of War (worn) {Slay+5}
   (You acquired it on level 2 of the Lair of Beasts)

   Slay:      It affects your accuracy & damage with ranged weapons and melee
   (+5).
 U - the +0 cloak of Fashionability (worn) {rF+ Stlth+}
   (You bought it in a shop on level 5 of the Lair of Beasts)

   rF:        It protects you from fire.
   Stlth:     It makes you more stealthy.
 W - the +1 helmet "Mipleymi" (worn) {Int+6 Dex-3}
   (You bought it in a shop on level 2 of the Orcish Mines)

   Int:       It affects your intelligence (+6).
   Dex:       It affects your dexterity (-3).
Magical Staves
 e - a staff of air
Jewellery
 g - an amulet of the acrobat
 i - a +4 ring of protection (left hand)
 n - a +6 ring of strength
 p - the ring of Nurid {rPois rC+ Dex+2}
   (You found it in an ice cave)

   [ring of poison resistance]

   Dex:       It affects your dexterity (+2).
   rC:        It protects you from cold.
   rPois:     It protects you from poison.
 w - a ring of protection from cold
 x - the ring "Yrytul" (right hand) {+Blink Dex+6}
   (You acquired it on level 2 of the Lair of Beasts)

   [ring of dexterity]

   Dex:       It affects your dexterity (+6).
   +Blink:    It lets you blink.
 B - a ring of resist corrosion
 D - a +6 ring of strength
 L - a +4 ring of evasion
 O - a +4 ring of slaying
 S - a ring of protection from fire
Wands
 b - a wand of digging (6)
 m - a wand of iceblast (40)
Scrolls
 j - 7 scrolls of enchant weapon
 l - 3 scrolls of fog
 o - 3 scrolls of immolation
 r - 2 scrolls of summoning
 v - 7 scrolls of teleportation
 y - 5 scrolls of enchant armour
 A - 3 scrolls of fear
 E - 3 scrolls of magic mapping
 G - 2 scrolls of brand weapon
 H - a scroll of silence
 K - a scroll of torment
 R - 3 scrolls of vulnerability
 Y - a scroll of identify
Potions
 d - 5 potions of attraction
 f - 3 potions of brilliance
 h - 3 potions of mutation
 k - 2 potions of berserk rage
 q - 3 potions of might
 s - 2 potions of curing
 C - 4 potions of ambrosia
 J - 3 potions of cancellation
 P - 2 potions of haste
 Q - a potion of lignification
Miscellaneous
 M - a phantom mirror
 V - a tin of tremorstones (2/2)


   Skills:
 * Level 9.8 Fighting
 + Level 1.7 Maces & Flails
 + Level 2.7 Armour
 + Level 4.1 Dodging
 + Level 4.7 Stealth
 * Level 18.6 Spellcasting
 + Level 0.8 Evocations


You had 11 spell levels left.
You knew the following spells:

 Your Spells              Type           Power      Damage    Failure   Level
a - Foxfire               Conj/Fire      100%       2x1d9     0%          1
b - Conjure Flame         Conj/Fire      92%        6-21      0%          3
c - Inner Flame           Hex/Fire       92%        N/A       0%          3
d - Sticky Flame          Conj/Fire      92%        2d10      0%          4
e - Fireball              Conj/Fire      46%        3d18      1%          5
f - Freeze                Ice            100%       1d11      0%          1
g - Wereblood             Tmut           92%        N/A       0%          2
h - Confusing Touch       Hex            92%        N/A       0%          3
i - Mephitic Cloud        Conj/Pois/Air  92%        N/A       0%          3
j - Passage of Golubria   Tloc           N/A        N/A       0%          4
k - Alistair's Intoxicat  Tmut/Pois      61%        N/A       1%          5
l - Death Channel         Necr           46%        N/A       1%          6
Your spell library was empty.

Dungeon Overview and Level Annotations

Branches:
Dungeon (14/15)            Temple (0/1) D:5            Lair (6/6) D:8
  Swamp (1/4) Lair:2       Spider (0/4) Lair:3          Orc (2/2) D:9
    Elf (0/3) Orc:2        Vaults (0/5) D:13          Sewer (visited)
 Bailey (visited)           IceCv (visited)
  Slime: Lair:5-6

Altars:
Ashenzari
Cheibriados
Fedhas
Gozag
Nemelex Xobeh
Okawaru
Qazlal
Uskayaw
Wu Jian
Beogh

Shops:
D:1 [   D:8 [   D:9 *   D:12 [[=*=*   Orc:2 *[*:[   Lair:2 !   Lair:5 *

Annotations:
Lair:1 exclusion: 4 oklob plants
Lair:6 Nessos
Orc:2 Saint Roka


Innate Abilities, Weirdness & Mutations

You are immune to sickness and miasma.
You are immune to poison.
Your flesh is very heat resistant. (rF++)
You are vulnerable to cold. (rC-)
You float through the air rather than walking.
You learn spells naturally, not from books.
Your magical power is your life essence.
You have superior vitality. (+4 HP)


Message History

The bunyip howls a warning cry!
Casting: Fireball (safe; 1% risk of failure)
Confirm with . or Enter, or press ? or * to list all spells.
Aiming: Fireball (safe; 1% risk of failure)
Press: ? - help, Shift-Dir - straight line, f/p - tyrant leech
Aim: a tyrant leech (severely wounded)
The fireball explodes!
The fireball engulfs the tyrant leech!!
The tyrant leech is almost dead.
Unknown command.
Casting: Fireball (safe; 1% risk of failure)
Confirm with . or Enter, or press ? or * to list all spells.
Aiming: Fireball (safe; 1% risk of failure)
Press: ? - help, Shift-Dir - straight line, f/p - tyrant leech
Aim: a tyrant leech (almost dead)
The fireball explodes!
The fireball engulfs the tyrant leech!!!
You kill the tyrant leech!
The bunyip claws you. The bunyip claws you!! x2
* * * LOW HITPOINT WARNING * * *
The thorn hunter gestures.
Thorny briars emerge from the ground!
A swamp worm comes into view.
The thorn hunter gestures.
Casting: Fireball (safe; 1% risk of failure)
Confirm with . or Enter, or press ? or * to list all spells.
Aiming: Fireball (safe; 1% risk of failure)
Press: ? - help, Shift-Dir - straight line, f - bunyip
Aim: a bunyip The fireball explodes!
The fireball engulfs the bunyip!!
The bunyip is moderately wounded.
You smell burning wood.
The mangrove smoulders and burns.
* * * LOW HITPOINT WARNING * * *
As you read the scroll of fear, it crumbles to dust.
You assume a fearsome visage.
The briar patch is unaffected. x12
The bunyip resists with some effort.
The briar patch is unaffected. x2
The swamp worm looks frightened!
The bunyip claws you.
* * * LOW HITPOINT WARNING * * *
The bunyip barely misses you. The bunyip claws you!!
You die...
Your body crumbles into a pile of gold.

* *,≈,**♣≈≈≈.≈..≈§§...≈≈.≈♣♣♣≈≈ *
**,≈≈....≈..≈w≈§.≈≈≈≈≈≈≈.≈.♣♣♣ *
*,≈≈≈≈.♣♣*♣.≈.≈.≈§♣♣♣♣♣≈(.≈♣ *
**,,≈≈..P♣♣PPPPP.♣♣ ♣≈≈.≈♣
*,≈≈≈*,♣PP♣PPPP♣♣♣ ♣≈≈.≈♣
*****≈≈≈,,*♣..≈≈≈≈♣ ♣♣≈[≈♣
,,,,,,,,,**♣.≈≈≈≈.♣♣♣♣♣♣♣ ♣≈.≈♣ ♣
***,**,,,*♣♣♣..x..PP....♣ ♣♣..♣ ♣
*,,,,,**,,♣≈≈≈.#@#PP####♣♣♣≈≈≈♣♣♣
*,*,*,,*#..≈$.####..# #....≈♣♣.
*,,,,,*,#♣...## #..# #....≈.♣<
,≈,≈≈≈,,♣.§§.** #..#***#..≈.≈♣)≈
,,≈≈≈,...f§≈.≈***#..#,,,♣♣.♣..♣..
,≈≈≈≈≈♣....§.,,,,....,,,*♣♣♣♣....
**≈≈≈,♣..#..≈,,**.#.#,#.,* ♣♣....
,≈,≈*≈...#...,,,,,,,,,#.,♣♣♣.♣...
,,*≈,,♣.*...≈,,*,*,,*,#.♣♣≈≈..≈≈.


You could see a bunyip and a swamp worm (fleeing).

Vanquished Creatures
  An orc warlord (Bailey)
  2 blizzard demons (IceCv)
  Josephine (Lair:4)
  An ice dragon (Swamp:1)
  A vault guard (D:13)
  9 hydras
  A catoblepas (Lair:6)
  A boulder beetle (D:13)
  2 two-headed ogres
  5 death yaks (Lair:4)
  A tengu warrior (D:13)
  A goliath frog (Swamp:1)
  A spriggan druid (Swamp:1)
  3 orc knights (Bailey)
  2 deep elf pyromancers
  2 cyclopes
  2 manticores (D:12)
  5 orc sorcerers
  2 oklob plants (Lair:4)
  3 will-o-the-wisps (Swamp:1)
  6 black mambas
  An ugly thing (D:11)
  7 elephants
  2 ice statues
  13 cane toads
  3 gargoyles
  2 kobold demonologists
  An unseen horror (D:12)
  A golden dragon simulacrum (IceCv)
  15 komodo dragons
  4 freezing wraiths
  4 ice devils (IceCv)
  4 rime drakes
  A jumping spider (Lair:3)
  3 tyrant leeches (Swamp:1)
  2 bloated husks (Swamp:1)
  5 trolls
  2 polar bears (Lair:5)
  5 dream sheep (Lair:4)
  Grinder (D:6)
  8 blink frogs
  6 slime creatures
  3 spriggans (Swamp:1)
  A vampire (D:12)
  5 wraiths
  3 dire elephant simulacra (IceCv)
  A shadow (D:10)
  44 yaks
  2 vampire mosquitoes (D:12)
  2 steam dragons
  7 basilisks
  5 wyverns
  A death yak simulacrum (IceCv)
  4 harpy simulacra (IceCv)
  A warg (Orc:1)
  2 iron troll simulacra (IceCv)
  3 acid dragons
  4 hydra simulacra (IceCv)
  2 swamp drakes (Swamp:1)
  11 water moccasins
  44 orc warriors
  An alligator simulacrum (IceCv)
  11 ice beasts
  3 sky beasts
  An ettin simulacrum (IceCv)
  4 wolves (Lair:5)
  2 centaurs
  5 ogres
  7 kobold brigands
  10 bullfrogs
  3 scorpions
  2 gnoll sergeants
  A water moccasin skeleton (D:5)
  11 wights
  7 howler monkeys
  3 draconian simulacra (IceCv)
  3 hounds
  2 jellies (Lair:6)
  4 centaur zombies
  A gnoll shaman (D:6)
  18 orc priests
  4 iguanas
  20 orc wizards
  5 hell rats (Lair:5)
  3 polar bear simulacra (IceCv)
  3 spriggan simulacra (IceCv)
  3 troll simulacra (IceCv)
  3 centaur simulacra (IceCv)
  A hound skeleton (D:5)
  19 gnolls
  9 adders
  3 naga simulacra (IceCv)
  An ogre simulacrum (IceCv)
  7 white imps
  6 ufetubi
  7 worms
  2 dart slugs
  117 orcs
  5 bats
  13 endoplasms
  6 giant cockroaches
  23 hobgoblins
  8 jackals
  34 kobolds
  5 quokkas
  12 ball pythons
  3 frilled lizards
  21 goblins
  14 rats
  A foxfire (Bailey)
744 creatures vanquished.

Vanquished Creatures (others)
  5 white imps (IceCv)
  2 ufetubi (IceCv)
  1250 foxfires
  36 fungi
  43 plants
  6 toadstools (Swamp:1)
  2 withered plants (Lair:6)
1344 creatures vanquished.

Grand Total: 2088 creatures vanquished

Notes
Turn   | Place    | Note
-------+----------+-------------------------------------------
     0 | D:1      | robertstho the Djinni Fire Elementalist began the quest for
                  | the Orb.
     0 | D:1      | Reached XP level 1. HP: 15/15 MP: 0/0
     0 | D:1      | Noticed a vampire
     3 | D:1      | Noticed a formicid
     6 | D:1      | Noticed a spriggan
     7 | D:1      | Noticed a demigod
     8 | D:1      | Noticed a formicid
     9 | D:1      | Noticed a felid
    11 | D:1      | Noticed a dwarf
    11 | D:1      | Noticed a troll
    13 | D:1      | Noticed a naga
    13 | D:1      | Noticed a tengu
    15 | D:1      | Noticed a draconian
    15 | D:1      | Noticed an octopode
    17 | D:1      | Noticed a tengu
    17 | D:1      | Noticed a tengu
    17 | D:1      | Noticed a demigod
    21 | D:1      | Noticed a naga
   191 | D:1      | Reached XP level 2. HP: 16/21 MP: 0/0
  1164 | D:1      | Reached XP level 3. HP: 20/26 MP: 0/0
  1164 | D:1      | Learned a level 1 spell: Freeze
  1249 | D:1      | Reached skill level 3 in Spellcasting
  1417 | D:1      | Reached skill level 1 in Fighting
  1506 | D:1      | Found a faded altar of an unknown god.
  1573 | D:1      | Found Ryapn's Armour Shop.
  2204 | D:2      | Reached XP level 4. HP: 22/32 MP: 0/0
  3967 | D:3      | Found a snail-covered altar of Cheibriados.
  3984 | D:3      | Reached XP level 5. HP: 31/38 MP: 0/0
  3984 | D:3      | Learned a level 2 spell: Wereblood
  4044 | D:3      | Found an iron altar of Okawaru.
  4341 | D:3      | Found an ornate altar of the Wu Jian Council.
  4365 | D:3      | Found an opulent altar of Gozag.
  4374 | D:3      | Became a worshipper of Gozag Ym Sagoz the Greedy
  4471 | D:4      | Reached skill level 4 in Spellcasting
  4897 | D:4      | Reached XP level 6. HP: 39/43 MP: 0/0
  5688 | D:4      | Found a hide-covered altar of Uskayaw.
  5710 | D:4      | Noticed an ogre
  5730 | D:4      | Killed an ogre
  5731 | D:4      | Reached skill level 5 in Spellcasting
  5731 | D:4      | Reached XP level 7. HP: 44/49 MP: 0/0
  5731 | D:4      | Learned a level 3 spell: Confusing Touch
  5918 | D:5      | Entered Level 5 of the Dungeon
  6257 | D:5      | Reached skill level 6 in Spellcasting
  6257 | D:5      | Reached XP level 8. HP: 39/56 MP: 0/0
  6368 | D:5      | Found a staircase to the Ecumenical Temple.
  7258 | D:1      | Bought a +1 troll leather armour for 242 gold pieces
  7439 | D:6      | Reached skill level 7 in Spellcasting
  7625 | D:6      | Noticed a troll
  7686 | D:6      | Reached XP level 9. HP: 62/62 MP: 0/0
  7686 | D:6      | Learned a level 3 spell: Mephitic Cloud
  7702 | D:6      | Found a glowing drain.
  7712 | Sewer    | Entered a sewer
  8184 | Sewer    | Reached skill level 8 in Spellcasting
  8634 | D:6      | Killed a troll
  8707 | D:6      | Noticed Grinder
  8714 | D:6      | Killed Grinder
  8715 | D:6      | Reached skill level 1 in Armour
  8781 | D:6      | Found a broken altar of Ashenzari.
  9028 | D:7      | Reached skill level 9 in Spellcasting
  9377 | D:7      | Reached XP level 10. HP: 69/69 MP: 0/0
  9410 | D:7      | Reached skill level 5 in Fighting
  9827 | D:7      | Found a stormy altar of Qazlal.
 10203 | D:8      | Reached skill level 10 in Spellcasting
 10203 | D:8      | Found a staircase to the Lair.
 10246 | D:8      | Found a flagged portal.
 10271 | Bailey   | Entered a bailey
 10388 | Bailey   | Noticed an orc knight
 10388 | Bailey   | Noticed an orc knight
 10398 | Bailey   | Killed an orc knight
 10402 | Bailey   | Killed an orc knight
 10458 | Bailey   | Noticed an orc warlord
 10469 | Bailey   | Identified the +1 leather armour of Hubris {rF+ Will++
                  | Stlth+}
 10491 | Bailey   | Killed an orc warlord
 10492 | Bailey   | Reached skill level 11 in Spellcasting
 10492 | Bailey   | Reached XP level 11. HP: 21/76 MP: 0/0
 10492 | Bailey   | Learned a level 4 spell: Passage of Golubria
 10566 | Bailey   | Noticed an orc knight
 10582 | Bailey   | Killed an orc knight
 11149 | D:8      | Noticed an elephant
 11161 | D:8      | Killed an elephant
 11357 | D:8      | Found Alagatz's Armour Boutique.
 11436 | D:8      | Noticed an eight-headed hydra
 11465 | D:8      | Identified the +2 dagger of Insufficient Pleasure {vamp,
                  | rF+ rN+ Str+4 Int-5}
 11728 | D:8      | Killed an eight-headed hydra
 12030 | D:9      | Reached skill level 12 in Spellcasting
 12060 | D:9      | Found Yziukak's Assorted Antiques.
 12069 | D:9      | Bought a scroll of identify for 76 gold pieces
 12069 | D:9      | Bought a distressingly furry robe for 216 gold pieces
 12069 | D:9      | Identified the +2 robe of Opsiry {Str+4} (You bought it in
                  | a shop on level 9 of the Dungeon)
 12069 | D:9      | Bought a small ruby amulet for 190 gold pieces
 12195 | D:9      | Found a staircase to the Orcish Mines.
 12969 | D:9      | Identified the +1 robe "Wyfeig" {rElec Dex+2}
 13040 | Lair:1   | Entered Level 1 of the Lair of Beasts
 13231 | Lair:1   | Reached XP level 12. HP: 68/84 MP: 0/0
 14077 | Lair:1   | You are sucked into a shaft and drop 1 floor!
 14077 | Lair:2   | Found a staircase to the Swamp.
 14257 | Lair:2   | Reached skill level 13 in Spellcasting
 14547 | Lair:2   | Noticed a four-headed hydra
 14786 | Lair:1   | Noticed a five-headed hydra
 14801 | Lair:1   | Killed a five-headed hydra
 15769 | Lair:2   | Noticed an eight-headed hydra
 15776 | Lair:2   | Killed an eight-headed hydra
 16095 | Lair:2   | Found a sparkling altar of Nemelex Xobeh.
 16293 | Lair:2   | Reached XP level 13. HP: 79/90 MP: 0/0
 16293 | Lair:2   | Learned a level 5 spell: Alistair's Intoxication
 16379 | Lair:2   | Killed a four-headed hydra
 16548 | Lair:2   | Noticed a six-headed hydra
 16551 | Lair:2   | Reached skill level 14 in Spellcasting
 16556 | Lair:2   | Killed a six-headed hydra
 16557 | Lair:2   | Reached skill level 1 in Maces & Flails
 17314 | Lair:3   | Identified 4 scrolls of acquirement
 17828 | Lair:3   | Found a hole to the Spider Nest.
 18494 | Lair:2   | Acquired the +3 pair of gauntlets of War {Slay+5}
 18495 | Lair:2   | Found the +3 pair of gauntlets of War {Slay+5}
 18510 | Lair:2   | Acquired the +2 hat "Woxueng" {rC+ Str+5}
 18522 | Lair:2   | Acquired a manual of Spellcasting
 18525 | Lair:2   | Acquired the ring "Yrytul" {+Blink Dex+6}
 18531 | Lair:2   | Bought a potion of curing for 33 gold pieces
 18531 | Lair:2   | Bought 2 potions of flight for 66 gold pieces
 18531 | Lair:2   | Bought a potion of curing for 33 gold pieces
 18531 | Lair:2   | Bought a potion of heal wounds for 55 gold pieces
 18531 | Lair:2   | Bought a potion of berserk rage for 55 gold pieces
 18531 | Lair:2   | Bought a potion of curing for 33 gold pieces
 18610 | Lair:4   | Noticed Josephine
 18617 | Lair:4   | Killed Josephine
 18979 | Lair:4   | Reached skill level 15 in Spellcasting
 20555 | Lair:4   | Found a blossoming altar of Fedhas.
 20561 | Lair:4   | Reached skill level 16 in Spellcasting
 20609 | Lair:4   | Reached XP level 14. HP: 71/99 MP: 0/0
 22722 | Lair:5   | Bought a fine cloak for 351 gold pieces
 22722 | Lair:5   | Identified the +0 cloak of Fashionability {rF+ Stlth+} (You
                  | bought it in a shop on level 5 of the Lair of Beasts)
 22722 | Lair:5   | Bought a scroll of enchant armour for 277 gold pieces
 22722 | Lair:5   | Bought a scroll of identify for 74 gold pieces
 23376 | Lair:6   | Entered Level 6 of the Lair of Beasts
 23628 | Lair:6   | Reached skill level 17 in Spellcasting
 23644 | Lair:6   | HP: 2/99 [black mamba (14)]
 23959 | Lair:6   | Noticed Nessos
 24229 | D:10     | Entered Level 10 of the Dungeon
 26766 | D:12     | Found Ocveet's Jewellery Emporium.
 27098 | D:12     | Found Pinasueg's Antique Armour Shop.
 27126 | D:12     | Bought a brightly glowing robe for 188 gold pieces
 27126 | D:12     | Identified the +2 robe "Fumuhett" {rElec rPois} (You bought
                  | it in a shop on level 12 of the Dungeon)
 27287 | D:12     | Found Helo's Antique Armour Boutique.
 27296 | D:12     | Found Uhaha's General Store.
 27360 | D:12     | Bought a potion of ambrosia for 120 gold pieces
 27360 | D:12     | Bought a potion of curing for 45 gold pieces
 27473 | D:12     | Reached XP level 15. HP: 75/105 MP: 0/0
 27473 | D:12     | Learned a level 6 spell: Death Channel
 27806 | D:12     | Found Mezxaam's General Store.
 27825 | D:12     | Bought a potion of heal wounds for 75 gold pieces
 27825 | D:12     | Bought a scroll of identify for 30 gold pieces
 27825 | D:12     | Bought a potion of might for 60 gold pieces
 28041 | D:12     | Found Taurchakuw's Jewellery Boutique.
 28974 | D:13     | Found a gate to the Vaults.
 29181 | Orc:1    | Entered Level 1 of the Orcish Mines
 29650 | Orc:2    | Entered Level 2 of the Orcish Mines
 29967 | Orc:2    | Found a staircase to the Elven Halls.
 29967 | Orc:2    | Found Taorin's Assorted Antiques.
 30276 | Orc:2    | Found Suyl's Self-Improvement Boutique.
 30293 | Orc:2    | Found Maoxked's Antique Armour Emporium.
 30295 | Orc:2    | Bought a scroll of teleportation for 105 gold pieces
 30295 | Orc:2    | Bought a scroll of identify for 70 gold pieces
 30295 | Orc:2    | Bought a fuming puce potion for 31 gold pieces
 30303 | Orc:2    | Bought a faintly humming helmet for 285 gold pieces
 30303 | Orc:2    | Identified the +1 helmet "Mipleymi" {Int+6 Dex-3} (You
                  | bought it in a shop on level 2 of the Orcish Mines)
 31063 | Orc:2    | Found Vytuaz's Antique Armour Shoppe.
 31138 | Orc:2    | Found Ganleno's Assorted Antiques.
 31145 | Orc:2    | Bought a scroll of identify for 46 gold pieces
 31145 | Orc:2    | Bought a scroll of identify for 46 gold pieces
 31145 | Orc:2    | Bought a potion of heal wounds for 115 gold pieces
 31225 | Orc:2    | Reached skill level 18 in Spellcasting
 31234 | Orc:2    | Paralysed by an orc sorcerer for 3 turns
 31248 | Orc:2    | Noticed Saint Roka
 32675 | Swamp:1  | Entered Level 1 of the Swamp
 32695 | Swamp:1  | Identified the +10 rapier of Focus {holy, Str+5 Dex+4}
 32928 | Swamp:1  | Found the +11 plutonium sword {Contam Stlth-}
 32978 | Swamp:1  | Found a frozen archway.
 32989 | IceCv    | Entered an ice cave
 33725 | IceCv    | Identified the +3 war axe of Compound Interest {antimagic,
                  | rElec Str-2 Int+5}
 36473 | IceCv    | Identified the ring of Nurid {rPois rC+ Dex+2}
 36969 | Swamp:1  | HP: 4/107 [spriggan (5)]
 37563 | Swamp:1  | Noticed a thorn hunter
 37570 | Swamp:1  | Demolished by a bunyip

Illustrated notes

Levels and vault maps discovered:
D:1:      shiori_arrival_whats_in_store_for_you, layout_basic,
          ebering_ecumenical_altar_abandoned, serial_shops, shop,
          minmay_domino_4
D:2:      layout_basic, corner_web_ring, minmay_misc_feat_chi,
          corexii_leaking_fountain
D:3:      layout_basic, nzn_wu_jian_council_hall,
          nicolae_overflow_quartered_altars, chequers_decorated_corner
D:4:      layout_basic, kennysheep_little_box
D:5:      layout_basic, minmay_temple_entry_grid, bh_walls_and_bars
D:6:      layout_basic, nicolae_overflow_crystal_walls, gup_sewer_entry_bubbles,
          kennysheep_flooded_box, uniq_grinder
D:7:      layout_layer_cave, nicolae_qazlal_scattered_showers
D:8:      minmay_clustersquares, layout_basic, david_lair_generic,
          enter_bailey_5, serial_shops, nicolae_take_the_stairs
D:9:      layout_rooms, orc_0_dummy, serial_shops, nicolae_lakefront_shop,
          minivault_26
D:10:     layout_grid_maze, grunt_decor_cap
D:11:     layout_irregular_city, skrybe_limestone_x
D:12:     layout_loops_cross, serial_shops, nicolae_shop_overgrown_old_shop,
          nicolae_square_shop, nicolae_stop_n_shop_1, shop_coins,
          nicolae_shop_stone, minmay_misc_feat_plants, nicolae_stop_n_shop_2,
          minmay_misc_feat_secret_circle
D:13:     layout_rooms, david_vaults_4, nicolae_twisting_strands
D:14:     layout_roguey, serial_shops, nicolae_inconvenience_store,
          nicolae_stop_n_shop_2, nicolae_shop_overgrown_old_shop, shop,
          nicolae_shop_behind_doors, chequers_serial_rivers_large_a,
          jiyva_altar_1
Lair:1:   layout_chaotic_city, lemuel_fruit_fields, grunt_megastairs_1,
          minmay_lair_oklob_chamber, infiniplex_staircase_pool
Lair:2:   layout_concentric_octagons, swamp_mist, basic_altar,
          grunt_megastairs_2
Lair:3:   layout_layer_cave, spider_nest_entry_a
Lair:4:   layout_gridlike, serial_bayou_ford_a, hangedman_tree_tricks,
          infiniplex_staircase_pool_2, grunt_megastairs_3, uniq_josephine
Lair:5:   layout_cave_pods, ice2_lemuel, lemuel_fruit_tree, grunt_megastairs_5,
          uniq_snorg
Lair:6:   due_jungle_book, layout_layer_cave, minmay_slime_entry_pillars,
          serial_bayou_crossing, uniq_nessos
Swamp:1:  cheibrodos_swamp_tower_of_moss, layout_falls_marsh,
          portal_ice_cave_entry_dragon, hangedman_swamp_ruin_hall, swamp_pool3,
          nicolae_swamp_rocky_clearing, nzn_swamp_dancing_lights
Orc:1:    layout_caves, mines2_david
Orc:2:    grunt_orc_community_town_hall, layout_caves,
          grunt_orc_community_big_house_1, grunt_orc_community_big_house_1,
          grunt_orc_community_house_1, grunt_orc_community_house_1,
          grunt_orc_community_house_3, grunt_orc_community_house_1,
          grunt_orc_community_house_1, serial_shops, shop_fountains,
          shop_statue, shop_statue, nicolae_shop_self_help

Skill      XL: |  1  2  3  4  5  6  7  8  9 10 11 12 13 14 15 |
---------------+----------------------------------------------+-----
Spellcasting   | 3 4 5 6 7 9 11 12 13 16 17 18 | 18.6
Fighting       | 1 2 3 4 6 7 8 9 |  9.8
Stealth        | 2 3 4 |  4.7
Dodging        | 3 4 |  4.1
Armour         | 1 2 |  2.7
Maces & Flails | 1 |  1.7
Evocations     | |  0.8

Action                   |  1- 3 |  4- 6 |  7- 9 | 10-12 | 13-15 || total
-------------------------+-------+-------+-------+-------+-------++-------
Melee: Flail             |       |       |     1 |     9 |    16 ||    26
 Cast: Foxfire           |    91 |   161 |   292 |   207 |       ||   751
       Sticky Flame      |       |     2 |     8 |    40 |    58 ||   108
       Fireball          |       |       |       |   135 |   511 ||   646
       Mephitic Cloud    |       |       |       |     3 |     3 ||     6
Invok: Potion Petition   |       |       |       |     1 |       ||     1
       Call Merchant     |       |       |       |       |     2 ||     2
 Abil: Evoke Blink       |       |       |       |       |     2 ||     2
  Use: Scroll            |     1 |     5 |     6 |     6 |    21 ||    39
       Potion            |       |       |       |     2 |    21 ||    23
 Stab: Distracted        |       |       |       |     1 |     1 ||     2
Armor: Robe              |     4 |     7 |     9 |     4 |    36 ||    60
       Troll leather arm |       |       |    10 |    24 |       ||    34
Dodge: Dodged            |     6 |    17 |    21 |    43 |    61 ||   148

Table legend: (Time is in decaauts)
 A = Elapsed time spent in this place.
 B = Non-inter-level travel time spent in this place.
 C = Inter-level travel time spent in this place.
 D = Time resting spent in this place.
 E = Time spent auto-exploring this place.
 F = Levels seen in this place.
 G = Mean time per level.
                   A        B        C        D        E       F      G
               +--------+--------+--------+--------+--------+-----+--------+
         Total |  37584 |  36083 |   1501 |   8570 |  23182 |  26 | 1445.5 |
       Dungeon |  16783 |  15810 |    973 |    630 |  13403 |  14 | 1198.8 |
          Lair |  11877 |  11426 |    451 |   4160 |   6386 |   6 | 1979.5 |
         Swamp |    647 |    647 |      0 |     16 |    498 |   1 |  647.0 |
  Orcish Mines |   3396 |   3320 |     76 |   1923 |    926 |   2 | 1698.0 |
         Sewer |    699 |    699 |      0 |      0 |    489 |   1 |  699.0 |
        Bailey |    593 |    593 |      0 |     44 |    204 |   1 |  593.0 |
      Ice Cave |   3585 |   3585 |      0 |   1797 |   1276 |   1 | 3585.0 |
               +--------+--------+--------+--------+--------+-----+--------+

Top non-repeatable levels by time:
   IceCv: 3585 daAuts
  Lair:3: 2669 daAuts
  Lair:1: 2571 daAuts
  Lair:2: 2375 daAuts
  Lair:4: 2016 daAuts
  Lair:5: 1933 daAuts
     D:1: 1886 daAuts
   Orc:2: 1749 daAuts
     D:4: 1711 daAuts
   Orc:1: 1646 daAuts
    D:10: 1544 daAuts
     D:2: 1421 daAuts
    D:12: 1352 daAuts
     D:8: 1331 daAuts
     D:3: 1222 daAuts
